 Dungeon Crawl Stone Soup version 0.31-a0-1300-gb6740aa4e6 (webtiles) character file.

Game seed: 4591009023850805524

45 LeprechaunX the Changeling (level 3, 0/24 HPs)
             Began as an Octopode Shapeshifter on Dec 18, 2023.
             Slain by a goblin
             ... wielding a +0 club
             ... led by Robin
              (4 damage)
             ... on level 2 of the Dungeon.
             The game lasted 00:00:49 (1171 turns).

LeprechaunX the Changeling (Octopode Shapeshifter)  Turns: 1171, Time: 00:00:50

Health: 0/24       AC:  1    Str: 15    XL:     3   Next: 64%
Magic:  3/3        EV: 13    Int: 12    God:
Gold:   3          SH:  0    Dex: 11    Spells: 2/2 levels left

rFire   . .          .
                       - Unarmed
rCold   . . .        (no shield)
rNeg    . . .        (helmet currently unavailable)
rPois   .            f - amulet of regeneration
rElec   .            (no ring)
rCorr   .            (no ring)
SInv    .            (no ring)
Will    .....        (no ring)
Stlth   ++           (no ring)
HPRegen 1.04/turn    (no ring)
MPRegen 0.08/turn    (no ring)
                     (no ring)

%: no passive effects
@: beast-form
A: beast (slay +2), almost no armour, amphibious, 8 rings, camouflage 1,
gelatinous body 1, (nimble swimmer 1), tentacles
a: Begin Untransformation


You were on level 2 of the Dungeon.
You were a hulking beast.
You visited 1 branch of the dungeon, and saw 2 of its levels.

You collected 3 gold pieces.

Inventory:

Jewellery
 f - an amulet of regeneration (around mantle)
Talismans
 b - a beast talisman
 c - a flux talisman
Scrolls
 d - a scroll of silence {unknown}
 e - a scroll of noise {unknown}
 g - a scroll of fog {unknown}
Potions
 a - a potion of lignification


   Skills:
 + Level 1.8 Fighting
 - Level 2.0 Dodging
 + Level 3.4 Unarmed Combat
 * Level 3.7 Shapeshifting


You had 2 spell levels left.
You didn't know any spells.
Your spell library was empty.

Dungeon Overview and Level Annotations

Branches:
Dungeon (2/15)

Altars:

Annotations:
D:2 Robin


Innate Abilities, Weirdness & Mutations

You are a hulking beast.
Your limbs bulge with bestial killing power. (Slay +2)
You cannot wear most types of armour.
You are amphibious.
You can wear up to eight rings at the same time.
Your skin changes colour to match your surroundings (Stealth+).
Your rubbery body absorbs attacks. (AC +1, EV +1)
((You are camouflaged when in or above water. (Stealth+)))
You have tentacles for arms and can constrict up to eight enemies at once.


Message History

A goblin comes into view. It is wielding a +0 dagger.
The goblin shoots a sling bullet.
The sling bullet hits you.
The goblin moves out of view.
You hear a shout!
Robin throws the goblin at you! The goblin closely misses you.
The goblin shoots a sling bullet.
The sling bullet barely misses you. The goblin closely misses you.
Things that are here:
a +0 club; a goblin corpse You tentacle-slap the goblin but do no damage.
Your grab misses the goblin.
A goblin comes into view. It is wielding a +0 dagger.
Unknown command.
You closely miss the goblin. You grab the goblin. You constrict the goblin.
Robin throws the goblin at you!
The goblin struggles to escape constriction.
A goblin comes into view. It is wielding a +0 dagger.
The goblin hits you with a +0 dagger.
You miss the goblin. Your grab misses the goblin. You constrict the goblin.
You kill the goblin!
The goblin closely misses you.
A goblin comes into view. It is wielding a +0 club.
The goblin shoots a sling bullet.
The sling bullet hits you.
The goblin shouts!
You hear a shout!
You miss the goblin. Your grab misses the goblin.
You hear a shout!
The goblin closely misses you.
A goblin comes into view. It is wielding a +0 dagger.
You completely miss the goblin. Your grab misses the goblin.
Your squeeze misses the goblin. Robin throws the goblin at you!
The goblin hits you with a +0 dagger.
* * * LOW HITPOINT WARNING * * *
The goblin completely misses you.
You closely miss the goblin. Your grab misses the goblin.
Your squeeze misses the goblin. Robin throws the goblin at you!
* * * LOW HITPOINT WARNING * * *
The goblin barely misses you.
A goblin comes into view. It is wielding a +0 dagger.
The goblin barely misses you. x2; The goblin hits you with a +0 club.
You die...

........................
......####.##...........
......####.##..#.......#
........................
#....#..................
.....#..........##....##
........................
.........#.....#gg....##
...............#hg......
.....#...#.##..#g.......
.....#.........#g#.##...
........g..# ..
.......gg.# .
####...g..# ..........
#.......g.g.
...........g##


You could see Robin and 9 goblins.

Vanquished Creatures
  Jessica (D:2)
  A dart slug (D:1)
  2 giant cockroaches (D:1)
  3 goblins
  A quokka (D:1)
  A ball python (D:2)
  5 bats (D:1)
  A frilled lizard (D:1)
  A kobold (D:1)
  A rat (D:2)
17 creatures vanquished.

Notes
Turn   | Place    | Note
-------+----------+-------------------------------------------
     0 | D:1      | LeprechaunX the Octopode Shapeshifter began the quest for
                  | the Orb.
     0 | D:1      | Reached XP level 1. HP: 13/13 MP: 1/1
   132 | D:1      | Reached XP level 2. HP: 16/18 MP: 2/2
   589 | D:1      | Found a faded altar of an unknown god.
  1123 | D:2      | Noticed Jessica
  1129 | D:2      | Killed Jessica
  1130 | D:2      | Reached XP level 3. HP: 19/24 MP: 3/3
  1161 | D:2      | Noticed Robin
  1171 | D:2      | Slain by a goblin

Illustrated notes

Levels and vault maps discovered:
D:1:      dpeg_arrival_boxes_within_box, layout_basic, basic_ecumenical_altar,
          nicolae_concentric_dashed_squares_wild,
          hangedman_abyss_or_decor_lesser_grid, palyth_stone_intersect,
          hex_medium
D:2:      layout_basic, minmay_unequal, uniq_jessica, uniq_robin

Action                     || total
---------------------------++-------
  Melee: Unarmed           ||    36
         Constrict         ||    11
         Tentacles         ||     4
   Stab: Sleeping          ||     3
 Armour: Skin              ||    21
  Dodge: Dodged            ||    34

Table legend: (Time is in decaauts)
 A = Elapsed time spent in this place.
 B = Non-inter-level travel time spent in this place.
 C = Inter-level travel time spent in this place.
 D = Time resting spent in this place.
 E = Time spent auto-exploring this place.
 F = Levels seen in this place.
 G = Mean time per level.
                   A        B        C        D        E       F      G
               +--------+--------+--------+--------+--------+-----+--------+
         Total |   1168 |   1090 |     78 |      0 |    957 |   2 |  584.0 |
       Dungeon |   1168 |   1090 |     78 |      0 |    957 |   2 |  584.0 |
               +--------+--------+--------+--------+--------+-----+--------+

Top non-repeatable levels by time:
     D:1: 1100 daAuts
     D:2: 68 daAuts
